 Dungeon Crawl Stone Soup version 0.21.1-1-g345015fe64 (console) character file.

46746 btimofeev the Bludgeoner (level 14, -7/129 HPs)
             Began as a Minotaur Berserker on July 23, 2018.
             Was the Champion of Trog.
             Splashed by an acid blob's acid (18 damage)
             ... on level 1 of the Pits of Slime on July 25, 2018.
             The game lasted 02:38:32 (18188 turns).

btimofeev the Bludgeoner (Minotaur Berserker)      Turns: 18188, Time: 02:38:32

Health: -7/129     AC:  4    Str: 24    XL:     14   Next: 6%
Magic:  4/4        EV: 11    Int:  5    God:    Trog [******]
Gold:   1363       SH:  2    Dex: 15    Spells: 13/13 levels left

rFire    . . .     SeeInvis +   X - +4 battleaxe (antimagic)
rCold    . . .     Gourm    .   (shield currently unavailable)
rNeg     + . .     Faith    .   Z - +0 plate armour
rPois    +         Spirit   .   (helmet restricted)
rElec    .         Reflect  +   J - +1 cloak {rPois}
rCorr    .         Harm     .   j - +1 pair of gloves
MR       +....     Rnd*Rage +   l - +1 pair of boots
Stlth    ..........             O - +2 amulet of reflection
HPRegen  0.31/turn              K - ring of positive energy
MPRegen  0.09/turn              L - ring of the Octopus King {AC+1 EV+1 Str+1 Int+1 Dex+1 SInv}

@: corroded
A: retaliatory headbutt, horns 2, berserk 1, deformed body
a: Berserk, Trog's Hand, Brothers in Arms, Burn Spellbooks, Renounce Religion


You were on level 1 of the Pits of Slime.
You worshipped Trog.
Trog was exalted by your worship.
You were not hungry.

You visited 3 branches of the dungeon, and saw 17 of its levels.

You collected 1363 gold pieces.

Inventory:

Hand Weapons
 a - a +3 morningstar of draining
 b - a +2 hunting sling of flaming
 B - a +2 hunting sling of freezing
 G - a +7 longbow
 X - a +4 antimagic battleaxe (weapon)
Missiles
 i - 374 stones (quivered)
 v - 133 sling bullets
 x - 14 tomahawks of dispersal
Armour
 j - a +1 pair of gloves (worn)
 l - a +1 pair of boots (worn)
 J - a +1 cloak of poison resistance (worn)
 Q - a +2 buckler
 Z - a +0 plate armour (worn)
Magical Staves
 t - an uncursed staff of summoning
Jewellery
 d - an uncursed ring of protection from cold
 q - an uncursed ring of see invisible
 I - an uncursed ring of stealth
 K - a ring of positive energy (left hand)
 L - a ring of the Octopus King (right hand) {AC+1 EV+1 Str+1 Int+1 Dex+1 SInv}
   (You found it on level 7 of the Dungeon)

   [ring of see invisible]

   It affects your AC (+1).
   It affects your evasion (+1).
   It affects your strength (+1).
   It affects your intelligence (+1).
   It affects your dexterity (+1).
   It lets you see invisible.
 O - a +2 amulet of reflection (around neck)
Wands
 h - a wand of scattershot (5)
 r - a wand of random effects (58)
 u - a wand of flame (73)
 F - a wand of iceblast (11)
 S - a wand of disintegration (8)
 T - a wand of clouds (7)
 W - a wand of paralysis (23)
Scrolls
 o - a scroll of blinking
 s - 2 scrolls of magic mapping
 w - 2 scrolls of brand weapon
 y - a scroll of summoning {unknown}
 C - a scroll of vulnerability
 D - 5 scrolls of teleportation
 E - 6 scrolls of fear
 H - 2 scrolls of fog
 M - a scroll of remove curse
 P - 2 scrolls of silence
 V - a scroll of immolation
Potions
 e - 4 potions of heal wounds
 f - 3 potions of resistance
 g - 4 potions of flight
 k - 8 potions of curing
 m - 2 potions of might
 z - 2 potions of agility
 A - a potion of invisibility
 N - a potion of brilliance
 R - a potion of magic {unknown}
 Y - 2 potions of mutation
Miscellaneous
 p - a lightning rod (4/4)
 U - a lamp of fire
Comestibles
 c - 22 rations
 n - 3 chunks of flesh


   Skills:
 + Level 13.4 Fighting
 + Level 3.7(11.9) Axes
 + Level 16.8(16.9) Maces & Flails
 + Level 9.3(10.0) Slings
 + Level 5.2(7.5) Throwing
 + Level 14.4 Armour
 + Level 3.7 Dodging
 + Level 1.2 Evocations


You had 13 spell levels left.
You didn't know any spells.

Dungeon Overview and Level Annotations

Branches:
Dungeon (10/15)            Temple (0/1) D:7            Lair (6/6) D:10
  Swamp (0/4) Lair:2       Spider (0/4) Lair:3        Slime (1/5) Lair:6
    Orc: D:9-12

Altars:
Ashenzari
Dithmenos
Fedhas
Makhleb
Nemelex Xobeh
Okawaru
Sif Muna
Trog
Uskayaw
Wu Jian
Yredelemnul
Zin

Annotations:
Lair:1 exclusion: oklob plant


Innate Abilities, Weirdness & Mutations

You reflexively headbutt those who attack you in melee.
You have a pair of horns on your head.
You tend to lose your temper in combat.
Armour fits poorly on your strangely shaped body.


Message History

The shining eye is severely wounded.
You are splashed with acid!
The wall burns you!
The shining eye falters for a moment.
The acid blob spits acid at you. The splash of acid hits you!
The acid corrodes you!
You are splashed with acid!
The acid burns!
* * * LOW HITPOINT WARNING * * *
An acid blob comes into view.
You are splashed with acid!
The wall burns you!
* * * LOW HITPOINT WARNING * * *
The acid blob spits acid at you. The splash of acid hits you!
* * * LOW HITPOINT WARNING * * *
The acid corrodes you!
You are splashed with acid!
The acid burns!
* * * LOW HITPOINT WARNING * * *
You feel better.
You are splashed with acid!
The wall burns you!
* * * LOW HITPOINT WARNING * * *
The acid blob spits acid at you. The splash of acid hits you!
* * * LOW HITPOINT WARNING * * *
The acid corrodes you!
You are splashed with acid!
The acid burns!
You die...

## ## ## ##..
..##.#. #..........
....
#.........##.#.J.
##..#.....#.......
#....#............
#....#...........
#####..............
##.#..G.JJ..........
#.........J.........
##.#..@........>....
##..................
#.....<.............
##..................
####.#..#...#...#.#
############## #


You could see 2 acid blobs, an azure jelly and a shining eye.

Vanquished Creatures
  Kirke (Lair:6)
  The ghost of GreeedyOne the Severer, a journeyman FoFi of Uskayaw (Lair:3)
  Josephine (Lair:4)
  An ogre mage (D:9)
  2 hydras (Lair:6)
  4 two-headed ogres
  An unseen horror (D:10)
  An ugly thing (D:10)
  9 elephants
  5 black mambas
  Maurice (D:8)
  8 spiny frogs
  A gargoyle (D:10)
  3 rime drakes
  3 komodo dragons
  4 hornets (Lair:6)
  4 polar bears
  A slime creature (Lair:6)
  Grinder (D:3)
  7 dream sheep (Lair:6)
  11 blink frogs
  7 hippogriffs
  16 spriggans
  6 wraiths
  A wyvern (D:9)
  A steam dragon (Lair:2)
  The ghost of Torako the Slasher, an amateur MiMo of Qazlal (D:3)
  31 yaks
  A basilisk (Lair:2)
  3 hogs (Lair:6)
  Eustachio (D:6)
  A hungry ghost (D:8)
  5 swamp worms (Lair:2)
  Edmund (D:4)
  14 two-headed ogre zombies (D:9)
  Duvessa (D:6)
  14 water moccasins
  10 porcupines
  3 sky beasts
  4 orc warriors
  3 ice beasts
  2 phantoms
  6 black bears
  3 ogres
  20 wolves (Lair:6)
  4 centaurs
  9 crocodiles
  4 boggarts (Lair:6)
  18 bullfrogs
  Blork the orc (D:4)
  Dowan (D:6)
  3 scorpions (D:8)
  4 killer bees (D:9)
  An electric eel (Lair:2)
  3 howler monkeys
  5 crimson imps
  A lava snake (D:10)
  A quasit (D:9)
  A centaur zombie (D:7)
  9 hounds
  4 jellies
  Crazy Yiuf (D:6)
  7 orc priests
  2 bullfrog skeletons
  Jessica (D:2)
  3 iguanas
  8 worker ants
  13 orc wizards
  An ogre zombie (D:9)
  A hound zombie (D:7)
  Robin (D:2)
  A worker ant zombie (D:4)
  10 gnolls
  2 howler monkey skeletons
  10 adders
  A shadow imp (D:8)
  An adder zombie (D:5)
  An adder skeleton (D:4)
  A worm (D:3)
  2 dart slugs (D:1)
  5 leopard geckos
  44 orcs
  A ball python (D:2)
  13 bats
  3 giant cockroaches
  22 goblins
  5 hobgoblins
  8 jackals
  8 kobolds
  4 quokkas
  6 frilled lizards
  A jackal skeleton (D:4)
  A jackal zombie (D:6)
  A quokka zombie (D:6)
  8 rats
  A bush (Lair:5)
  3 fungi
  3 plants
498 creatures vanquished.

Vanquished Creatures (others)
  A human (Lair:6)
  A black bear (Lair:6)
  2 orc wizards (D:6)
  4 fungi
  A plant (Lair:6)
9 creatures vanquished.

Grand Total: 507 creatures vanquished

Notes
Turn   | Place    | Note
-------+----------+-------------------------------------------
     0 | D:1      | btimofeev the Minotaur Berserker began the quest for the Orb.
     0 | D:1      | Reached XP level 1. HP: 19/19 MP: 0/0
   185 | D:1      | Reached skill level 4 in Maces & Flails
   185 | D:1      | Reached XP level 2. HP: 27/27 MP: 1/1
   523 | D:1      | Reached XP level 3. HP: 31/33 MP: 2/2
   926 | D:2      | Reached skill level 1 in Slings
   929 | D:2      | Reached ** piety under Trog
   972 | D:2      | Reached XP level 4. HP: 18/41 MP: 3/3
  1405 | D:2      | Noticed Robin
  1420 | D:2      | Killed Robin
  1535 | D:2      | Noticed Jessica
  1541 | D:2      | Killed Jessica
  1541 | D:2      | Reached skill level 5 in Fighting
  1541 | D:2      | Reached XP level 5. HP: 35/48 MP: 4/4
  1642 | D:2      | Found a bloodstained altar of Trog.
  1821 | D:3      | Noticed Torako's ghost (amateur MiMo)
  1844 | D:3      | Killed Torako's ghost
  1844 | D:3      | Reached skill level 5 in Maces & Flails
  1844 | D:3      | Reached XP level 6. HP: 43/56 MP: 5/5
  2095 | D:3      | Reached *** piety under Trog
  2230 | D:3      | Noticed Grinder
  2245 | D:3      | Killed Grinder
  2245 | D:3      | Reached skill level 6 in Maces & Flails
  2245 | D:3      | Reached XP level 7. HP: 62/62 MP: 6/6
  2573 | D:4      | Reached skill level 5 in Armour
  2882 | D:4      | Found a hide-covered altar of Uskayaw.
  2932 | D:4      | Reached skill level 7 in Maces & Flails
  2965 | D:4      | Noticed Edmund
  2981 | D:4      | Killed Edmund
  3135 | D:4      | Noticed Blork the orc
  3239 | D:4      | Killed Blork the orc
  3239 | D:4      | Reached skill level 1 in Throwing
  3572 | D:5      | Entered Level 5 of the Dungeon
  3646 | D:5      | Reached skill level 8 in Maces & Flails
  3653 | D:5      | Reached XP level 8. HP: 70/70 MP: 7/7
  3761 | D:5      | Reached **** piety under Trog
  3770 | D:5      | Found a burning altar of Makhleb.
  3957 | D:5      | Found an iron altar of Okawaru.
  4113 | D:5      | Reached skill level 9 in Maces & Flails
  4271 | D:5      | Found a basalt altar of Yredelemnul.
  4449 | D:5      | Found a glowing silver altar of Zin.
  4450 | D:5      | Found a sparkling altar of Nemelex Xobeh.
  4995 | D:6      | Reached skill level 10 in Maces & Flails
  5173 | D:6      | Reached XP level 9. HP: 78/78 MP: 8/8
  5260 | D:6      | Noticed Dowan
  5261 | D:6      | Noticed Duvessa
  5271 | D:6      | Killed Duvessa
  5278 | D:6      | Killed Dowan
  5353 | D:6      | Found a deep blue altar of Sif Muna.
  5467 | D:6      | Noticed Eustachio
  5475 | D:6      | Killed Eustachio
  5700 | D:6      | Found a runed door.
  5704 | D:6      | Noticed Crazy Yiuf
  5708 | D:6      | Killed Crazy Yiuf
  5770 | D:7      | Found a staircase to the Ecumenical Temple.
  5794 | D:7      | Found the ring of the Octopus King
  5809 | D:7      | Got a ring of the Octopus King
  5949 | D:7      | Found a shadowy altar of Dithmenos.
  5986 | D:7      | Found an ornate altar of the Wu Jian Council.
  6318 | D:8      | Reached skill level 5 in Slings
  6328 | D:8      | Received a gift from Trog
  6332 | D:8      | Noticed a two-headed ogre
  6335 | D:8      | Noticed a two-headed ogre
  6353 | D:8      | Killed a two-headed ogre
  6353 | D:8      | Reached skill level 11 in Maces & Flails
  6355 | D:8      | Killed a two-headed ogre
  6355 | D:8      | Reached ***** piety under Trog
  6355 | D:8      | Reached XP level 10. HP: 50/88 MP: 9/9
  6392 | D:8      | Noticed Maurice
  6401 | D:8      | Killed Maurice
  7252 | D:9      | Reached skill level 12 in Maces & Flails
  7358 | D:9      | Found a shattered altar of Ashenzari.
  7388 | D:9      | Received a gift from Trog
  7676 | D:9      | Received a gift from Trog
  7815 | D:9      | Noticed an ogre mage
  7841 | D:9      | Killed an ogre mage
  7841 | D:9      | Reached skill level 13 in Maces & Flails
  7841 | D:9      | Reached XP level 11. HP: 46/97 MP: 10/10
  7849 | D:9      | Reached skill level 10 in Armour
  8108 | D:9      | Identified a ring of the Octopus King {AC+1 EV+1 Str+1 Int+1 Dex+1 SInv} (You found it on level 7 of the Dungeon)
  8346 | D:9      | Noticed a two-headed ogre
  8358 | D:9      | Killed a two-headed ogre
  8485 | D:9      | Found a blossoming altar of Fedhas.
  8535 | D:9      | Noticed a two-headed ogre
  8543 | D:9      | Killed a two-headed ogre
  8760 | D:10     | Entered Level 10 of the Dungeon
  8826 | D:10     | Got a faintly glowing lapis lazuli ring
  8849 | D:10     | Received a gift from Trog
  8904 | D:10     | Noticed a green ugly thing
  8922 | D:10     | Killed a green ugly thing
  8986 | D:10     | Identified the ring "Zyerch" {Int+3 Stlth+} (You found it on level 10 of the Dungeon)
  9133 | D:10     | Noticed an unseen horror
  9142 | D:10     | Killed an unseen horror
  9142 | D:10     | Reached skill level 10 in Fighting
  9142 | D:10     | Reached skill level 14 in Maces & Flails
  9599 | D:10     | Found a staircase to the Lair.
 10065 | Lair:1   | Entered Level 1 of the Lair of Beasts
 10717 | Lair:1   | Noticed an oklob plant
 10727 | Lair:1   | Reached XP level 12. HP: 80/108 MP: 11/11
 11145 | Lair:2   | Received a gift from Trog
 11213 | Lair:2   | Reached skill level 15 in Maces & Flails
 11277 | Lair:2   | Reached ****** piety under Trog
 11787 | Lair:2   | Found a staircase to the Swamp.
 13070 | Lair:3   | Received a gift from Trog
 13295 | Lair:3   | Found a hole to the Spider Nest.
 13384 | Lair:3   | Noticed GreeedyOne's ghost (journeyman FoFi)
 13403 | Lair:3   | Killed GreeedyOne's ghost
 13403 | Lair:3   | Reached skill level 16 in Maces & Flails
 13915 | Lair:4   | Received a gift from Trog
 13984 | Lair:4   | Reached XP level 13. HP: 115/117 MP: 12/12
 14242 | Lair:4   | Reached skill level 1 in Evocations
 14405 | Lair:4   | Received a gift from Trog
 14464 | Lair:4   | Noticed Josephine
 14498 | Lair:4   | Killed Josephine
 15954 | Lair:6   | Entered Level 6 of the Lair of Beasts
 15974 | Lair:6   | Found a staircase to the Slime Pits.
 16381 | Lair:6   | Reached skill level 5 in Throwing
 16540 | Lair:6   | Received a gift from Trog
 16973 | Lair:6   | Received a gift from Trog
 17078 | Lair:6   | Noticed Kirke
 17138 | Lair:6   | Reached skill level 1 in Axes
 17147 | Lair:6   | Killed Kirke
 17333 | Lair:6   | Reached XP level 14. HP: 78/129 MP: 4/13
 18170 | Slime:1  | Entered Level 1 of the Pits of Slime
 18177 | Slime:1  | Noticed an acid blob
 18177 | Slime:1  | Gained mutation: You tend to lose your temper in combat. [a shining eye]
 18179 | Slime:1  | Noticed an azure jelly
 18182 | Slime:1  | Gained mutation: Armour fits poorly on your strangely shaped body. [a shining eye]
 18185 | Slime:1  | Noticed an acid blob
 18188 | Slime:1  | Splashed by an acid blob's acid

Skill      XL: |  1  2  3  4  5  6  7  8  9 10 11 12 13 14 |
---------------+-------------------------------------------+-----
Maces & Flails | 4 5 6 8 10 11 13 14 16 | 16.8
Fighting       | 4 5 6 8 9 10 11 13 | 13.4
Slings         | 1 2 6 7 8 9 |  9.3
Armour         | 3 4 5 7 8 9 11 12 14 | 14.4
Dodging        | 3 |  3.7
Throwing       | 1 2 4 5 |  5.2
Evocations     | 1 |  1.2
Axes           | 2 3 |  3.7

Action                   |  1- 3 |  4- 6 |  7- 9 | 10-12 | 13-15 || total
-------------------------+-------+-------+-------+-------+-------++-------
Melee: Mace              |    53 |       |       |       |       ||    53
       Headbutt          |     4 |    13 |    48 |   174 |    80 ||   319
       Flail             |     6 |   119 |    54 |     1 |       ||   180
       Morningstar       |       |       |   189 |   615 |   309 ||  1113
       War axe           |       |       |       |     6 |       ||     6
       Staff             |       |       |       |     3 |       ||     3
       Battleaxe         |       |       |       |       |    95 ||    95
 Fire: Hunting sling     |    15 |       |    45 |    81 |    20 ||   161
Throw: Stone             |     4 |       |    47 |    60 |    99 ||   210
Invok: Berserk           |       |     2 |     1 |     4 |     3 ||    10
       Burn Spellbooks   |       |       |       |     2 |     1 ||     3
Evoke: Wand              |       |       |       |     3 |       ||     3
  Use: Scroll            |     1 |     9 |     5 |     7 |     7 ||    29
       Potion            |       |       |     2 |     6 |     4 ||    12
  Eat: Chunk             |       |     5 |    10 |     8 |     3 ||    26
       Ration            |       |       |     2 |     7 |     4 ||    13
Armor: Scale mail        |    28 |    56 |       |       |       ||    84
       Plate armour      |       |    14 |   160 |   302 |   209 ||   685
Dodge: Dodged            |    38 |    61 |    75 |   214 |   152 ||   540
Block: Other             |       |       |       |     8 |    23 ||    31
